 Dungeon Crawl Stone Soup version 0.22-a0-368-g870eee8 (webtiles) character file.

146 magipi the Cudgeler (level 5, -4/42 HPs)
             Began as a Minotaur Skald on Apr 23, 2018.
             Slain by an ogre
             ... wielding a +0 giant club
              (18 damage)
             ... on level 3 of the Dungeon.
             The game lasted 00:05:56 (2062 turns).

magipi the Cudgeler (Minotaur Skald)                Turns: 2062, Time: 00:05:57

Health: -4/42      AC:  9    Str: 16    XL:     5   Next: 7%
Magic:  6/6        EV:  7    Int: 11    God:
Gold:   91         SH:  0    Dex:  9    Spells: 5/6 levels left

rFire    . . .     SeeInvis .   s - +0 flail
rCold    . . .     Gourm    .   (no shield)
rNeg     . . .     Faith    .   k - +0 chain mail
rPois    .         Spirit   .   (helmet restricted)
rElec    .         Reflect  .   (no cloak)
rCorr    .         Harm     .   n - +0 pair of gloves (curse)
MR       .....                  (no boots)
Stlth    ..........             (no amulet)
HPRegen  0.14/turn              (no ring)
MPRegen  0.10/turn              (no ring)

@: no status effects
A: retaliatory headbutt, horns 2
a: no special abilities


You were on level 3 of the Dungeon.
You were not hungry.

You visited 1 branch of the dungeon, and saw 3 of its levels.

You collected 91 gold pieces.

Inventory:

Hand Weapons
 a - a +0 mace
 s - a +0 flail (weapon)
   (You took it off an orc on level 2 of the Dungeon)
Armour
 k - a +0 chain mail (worn)
   (You found it on level 1 of the Dungeon)
 n - a cursed +0 pair of gloves (worn)
   (You found it on level 2 of the Dungeon)
Jewellery
 b - an uncursed amulet of guardian spirit {unknown}
   (You found it on level 2 of the Dungeon)
 f - an uncursed ring of resist corrosion {unknown}
   (You found it on level 1 of the Dungeon)
 p - an uncursed amulet of faith {unknown}
   (You found it on level 3 of the Dungeon)
Scrolls
 c - 4 scrolls of identify {unknown}
 e - 4 scrolls of fog {unknown}
 g - 2 scrolls of amnesia {unknown}
 l - a scroll of teleportation {unknown}
 m - a scroll of random uselessness {unknown}
 q - a scroll of enchant armour {unknown}
Potions
 h - a potion of resistance {unknown}
 i - a potion of heal wounds {unknown}
 j - a potion of haste {unknown}
 o - 2 potions of agility {unknown}
Comestibles
 d - 8 rations
 r - 3 chunks of flesh


   Skills:
 - Level 2.4 Fighting
 + Level 6.4 Maces & Flails
 - Level 1.2 Armour
 - Level 2.1 Dodging
 - Level 1.3 Spellcasting
 - Level 2.0 Charms


You had 5 spell levels left.
You knew the following spells:

 Your Spells              Type           Power        Failure   Level  Hunger
a - Infusion              Chrm           #...         95%         1    ##.....


Dungeon Overview and Level Annotations

Branches:
Dungeon (3/15)

Altars:


Innate Abilities, Weirdness & Mutations

You reflexively headbutt those who attack you in melee.
You have a pair of horns on your head.


Message History

You thump the orc!
You kill the orc!
You have reached level 5!
Things that are here:
a flail; a chain mail
s - a flail Wield which item (- for none, * to show all)? (? for menu, Esc to quit)
s - a +0 flail (weapon)
Unknown command.
There is a stone staircase leading down here.
Things that are here:
a hand axe; an orc corpse
There is a stone staircase leading down here.
You start resting.
HP restored.
You climb downwards.
An orc comes into view. It is wielding a hand axe.
The orc shouts!
The orc moves out of view.
There is a stone staircase leading up here.
You hit the orc but do no damage. Your headbutt misses the orc.
The orc hits you but does no damage. x2
You closely miss the orc. You barely miss the orc.
The orc hits you but does no damage. The orc hits you with a club.
The orc closely misses you. You furiously retaliate!
You headbutt the orc. The orc closely misses you.
You sock the orc!
You kill the orc!
The orc closely misses you. You furiously retaliate!
You headbutt the orc. The orc closely misses you.
You completely miss the orc. Your headbutt misses the orc.
The orc is almost dead.
The orc hits you but does no damage. The orc hits you.
You thump the orc!
You kill the orc!
The orc hits you but does no damage.
Your chain mail prevents you from hitting the orc.
Your headbutt misses the orc. The orc closely misses you.
You are feeling hungry.
You closely miss the orc.
You kill the orc!
No target in view!
No target in view!
You see here a club.
There is a stone staircase leading up here.
Items here: )) †† a hand axe; a flail; an orc corpse x2
Butcher an orc corpse? [(y)es/(n)o/(a)ll/(q)uit/?]
You butcher the orc corpse. x2
r - 3 chunks of flesh (gained 2);
r - 4 chunks of flesh (gained 1)
Things that are here:
a hand axe; a flail Eat one of 4 chunks of flesh? (ye/n/q)
You eat one of the 4 chunks of flesh.
This raw flesh tastes terrible.
Items here: )) [ †† a robe; a dagger; a hand axe; an orc corpse x2
An orc comes into view.
The orc hits you.
You completely miss the orc. The orc barely misses you.
You completely miss the orc. Your headbutt misses the orc.
The orc hits you but does no damage.
You closely miss the orc. The orc closely misses you.
You hit the orc.
The orc is lightly wounded.
The orc hits you.
You hit the orc.
You kill the orc!
You see here an orc corpse.
You see here an orc corpse.
An ogre comes into view. It is wielding a giant club.
The ogre shouts!
You hear a shout! x2
An orc comes into view. It is wielding a hand axe.
You aren't carrying any items that you can evoke.
Unknown command.
Unknown command.
An orc comes into view. It is wielding a falchion.
The orc shouts!
You hit the ogre.
The ogre is lightly wounded.
The ogre barely misses you. You furiously retaliate!
You headbutt the ogre. You sock the ogre!
The ogre is heavily wounded.
The ogre hits you with a giant club!
Unknown command.
Unknown command.
You sock the ogre!
The ogre is severely wounded.
The ogre hits you with a giant club!!
* * * LOW HITPOINT WARNING * * *
An orc priest comes into view. It is wielding a flail.
Items here: )) [ †† a robe; a dagger; a hand axe; an orc corpse x2
Things that are here:
a hand axe; a flail
There is a stone staircase leading up here.
Your chain mail prevents you from hitting the ogre.
You headbutt the ogre.
The ogre is almost dead.
The ogre hits you with a giant club!!
You die...

####### #######.....#
##.#.#.#.#.#.#
#............#############
##.#.#.#.#.#..............
#...........####.#########
##.#.#.#.#.### #.#
#........@)..###.#
##.#.#.#)#O#.....#
#...........####.#
##.#.#o#.#.## #.#
#......o....# #.#
##.#.#.#.#.## #.#
#...........# #.#
##.#o#.#.#.## #.#
#...........# .#


You could see an ogre and 2 orcs.

Vanquished Creatures
  An orc wizard (D:3)
  A hound skeleton (D:3)
  3 adders
  2 oozes
  A worm (D:3)
  A dart slug (D:2)
  8 orcs
  2 ball pythons
  2 giant cockroaches
  6 goblins
  5 hobgoblins
  A jackal (D:3)
  A quokka (D:2)
  9 bats
  4 frilled lizards (D:1)
  6 kobolds
  3 rats
56 creatures vanquished.

Notes
Turn   | Place    | Note
-------+----------+-------------------------------------------
     0 | D:1      | magipi the Minotaur Skald began the quest for the Orb.
     0 | D:1      | Reached XP level 1. HP: 18/18 MP: 1/1
   144 | D:1      | Reached skill level 3 in Maces & Flails
   211 | D:1      | Reached XP level 2. HP: 12/25 MP: 3/3
   552 | D:1      | Reached skill level 4 in Maces & Flails
   853 | D:2      | Reached XP level 3. HP: 30/30 MP: 4/4
  1164 | D:2      | Reached skill level 5 in Maces & Flails
  1537 | D:2      | Reached XP level 4. HP: 37/37 MP: 5/5
  1854 | D:3      | Reached skill level 6 in Maces & Flails
  1878 | D:2      | Reached XP level 5. HP: 30/42 MP: 6/6
  2021 | D:3      | Noticed an ogre
  2062 | D:3      | Slain by an ogre

Vault maps used:
D:1:      minmay_arrival_wavy_path
D:2:      first_ration
D:3:      st_stairs_11

Skill      XL: |  1  2  3  4 |
---------------+-------------+-----
Maces & Flails | 3 4 5 6 |  6.4
Fighting       | |  2.4
Armour         | |  1.2
Dodging        | |  2.1
Spellcasting   | |  1.3
Charms         | |  2.0

Action                   |  1- 3 |  4- 6 || total
-------------------------+-------+-------++-------
Melee: Mace              |    96 |    36 ||   132
       Headbutt          |     9 |    12 ||    21
       Flail             |       |    17 ||    17
  Eat: Chunk             |     2 |     2 ||     4
Armor: Leather armour    |    12 |       ||    12
       Chain mail        |    32 |    25 ||    57
Dodge: Dodged            |    54 |    22 ||    76

Table legend:
 A = Spawn XP
 B = Non-spawn XP
 C = Spawn XP percentage of total XP
 D = Spawn monster count
 E = Non-spawn monster count
 F = Spawn count percentage of total count
 G = Total turns spent on level
                    A         B        C        D         E        F      G
               +---------+---------+-------+---------+---------+-------+---------
         Total |       0 |     209 |   0.0 |       0 |      56 |   0.0 |  2062
               +---------+---------+-------+---------+---------+-------+---------
           D:1 |       0 |      38 |   0.0 |       0 |      21 |   0.0 |   813
           D:2 |       0 |      66 |   0.0 |       0 |      21 |   0.0 |   968
           D:3 |       0 |     105 |   0.0 |       0 |      14 |   0.0 |   281
               +---------+---------+-------+---------+---------+-------+---------

Action                   |  1- 3 |  4- 6 || total
-------------------------+-------+-------++-------
Melee: Mace              |    96 |    36 ||   132
       Headbutt          |     9 |    12 ||    21
       Flail             |       |    17 ||    17
  Eat: Chunk             |     2 |     2 ||     4
Armor: Leather armour    |    12 |       ||    12
       Chain mail        |    32 |    25 ||    57
Dodge: Dodged            |    54 |    22 ||    76
